 Dungeon Crawl Stone Soup version 0.27.1 (webtiles) character file.

Game seed: 5751512634511274895

5 nxtlvl the Ducker (level 1, 0/13 HPs)
             Began as a Deep Elf Monk on Aug 30, 2021.
             Slain by a jackal (1 damage)
             ... on level 2 of the Dungeon.
             The game lasted 00:00:57 (121 turns).

nxtlvl the Ducker (Deep Elf Monk)                    Turns: 121, Time: 00:00:58

Health: 0/13       AC:  2    Str:  8    XL:     1   Next: 66%
Magic:  3/3        EV: 13    Int: 14    God:
Gold:   36         SH:  0    Dex: 17    Spells: 0/0 levels left

rFire    . . .     SeeInvis .   a - +0 short sword
rCold    . . .     Faith    .   (no shield)
rNeg     . . .     Spirit   .   b - +0 robe
rPois    .         Reflect  .   (no helmet)
rElec    .         Harm     .   (no cloak)
rCorr    .         Rampage  .   (no gloves)
Will     .....                  (no boots)
Stlth    ++........             (no amulet)
HPRegen  0.04/turn              (no ring)
MPRegen  0.08/turn              (no ring)

@: no status effects
A: no striking features
a: no special abilities


You were on level 2 of the Dungeon.
You visited 1 branch of the dungeon, and saw 3 of its levels.

You collected 36 gold pieces.

Inventory:

Hand Weapons
 a - a +0 short sword (weapon)
Armour
 b - a +0 robe (worn)
Potions
 c - a potion of degeneration {unknown}
 d - a potion of lignification {unknown}


   Skills:
 - Level 2.4 Fighting
 * Level 3.4 Short Blades
 - Level 3.6 Dodging
 - Level 2.4 Stealth


You couldn't memorise any spells.
You didn't know any spells.
Your spell library was empty.

Dungeon Overview and Level Annotations

Branches:
Dungeon (3/15)

Altars:

Annotations:
D:3 bnorton916's ghost, amateur DjFE


Message History

You now have 36 gold pieces (gained 14).
Found a fizzy golden potion.
The helpless ball python fails to defend itself.
You puncture the ball python!
You kill the ball python!
c - a green potion
d - a fizzy golden potion An adder comes into view.
Found a stone staircase leading down.
Found 17 stones.
Found a stone staircase leading up.
The adder hisses angrily.
A kobold comes into view. It is wielding a +0 dagger.
A hobgoblin comes into view.
There is a stone staircase leading up here.
The hobgoblin shouts!
You climb upwards.
The jackal barks!
The jackal barely misses you. x2
Found 10 gold pieces, a hand axe and 4 curare-tipped darts.
There is a stone staircase leading down here.
Found 14 gold pieces.
You barely miss the jackal. The jackal bites you.
You closely miss the jackal. The jackal completely misses you.
The jackal bites you but does no damage.
You hit the jackal but do no damage. The jackal bites you.
The jackal barely misses you. The jackal misses you.
You hit the jackal.
The jackal is heavily wounded.
The jackal bites you. The jackal closely misses you.
You closely miss the jackal.
The jackal is heavily wounded.
The jackal bites you.
* * * LOW HITPOINT WARNING * * *
The jackal bites you but does no damage.
The jackal bites you.
* * * LOW HITPOINT WARNING * * *
You barely miss the jackal.
The jackal is heavily wounded.
The jackal barely misses you. The jackal misses you. The jackal bites you.
You die...

.# .$.# .....##
####
#...####...#
#.@h#..#
####h..####.
...##...........
.......>.....##.
.####.#..###.#
.....$# #
...##..#. ...#
#..#.# ..#
...#)#


You could see 2 jackals.

Vanquished Creatures
  A ball python (D:3)
  2 hobgoblins
  A bat (D:3)
  A kobold (D:3)
5 creatures vanquished.

Notes
Turn   | Place    | Note
-------+----------+-------------------------------------------
     0 | D:1      | nxtlvl the Deep Elf Monk began the quest for the Orb.
     0 | D:1      | Reached XP level 1. HP: 13/13 MP: 3/3
    34 | D:3      | Found a faded altar of an unknown god.
    44 | D:3      | Noticed a gnoll shaman
    46 | D:3      | Noticed bnorton916's ghost (amateur DjFE)
   121 | D:2      | Slain by a jackal

Illustrated notes

Levels and vault maps discovered:
D:1:      dpeg_arrival_rhombus, layout_loops_ring, chequers_arboretum
D:2:      layout_basic, serial_forest, infiniplex_forest_lined_2,
          infiniplex_forest_straight_1, infiniplex_forest_lined_1,
          infiniplex_forest_end_1, infiniplex_forest_end_1,
          infiniplex_forest_lined_2, infiniplex_forest_end_2, minivault_19,
          uniq_robin, uniq_sigmund
D:3:      layout_rooms, gammafunk_ghost_split,
          ebering_ecumenical_altar_petrified

Action                   || total
-------------------------++-------
Melee: Short sword       ||    16
 Stab: Sleeping          ||     2
Armor: Robe              ||     2
Dodge: Dodged            ||    12
